 Dungeon Crawl Stone Soup version 0.31.0-12-g77e489cdc1 (webtiles) character file.

Game seed: 8567472650271011047

10756 monsoonserge the Grappler (level 11, -2/84 HPs)
             Began as a Gnoll Shapeshifter on Mar 3, 2024.
             Was an Initiate of Gozag.
             Slain by a vampire (5 damage)
             ... on level 10 of the Dungeon.
             The game lasted 00:39:21 (11528 turns).

monsoonserge the Grappler (Gnoll Shapeshifter)     Turns: 11528, Time: 00:39:22

Health: -2/84      AC: 11    Str: 24    XL:     11   Next: 67%
Magic:  21/21      EV: 13    Int: 14    God:    Gozag
Gold:   52         SH:  0    Dex: 11    Spells: 23/23 levels left

rFire   + . .        L - +2 trident (drain)
rCold   + . .        (no shield)
rNeg    . . .        l - +4 scale mail of the Cockroach {Will+ Int+4 Stlth+}
rPois   +            (helmet currently unavailable)
rElec   +            v - melded +1 cloak
rCorr   +            E - melded +0 pair of gloves
SInv    .            (boots currently unavailable)
Will    +....        B - amulet of the acrobat
Stlth   +++          C - ring of poison resistance
HPRegen 0.34/turn    a - +6 ring of strength
MPRegen 0.17/turn

%: acrobat
@: about to teleport, beast-form, resistant, gold aura, hasted and slowed
A: beast (slay +4), fangs 1, strong nose, distributed training
a: Begin Untransformation, Renounce Religion, Potion Petition, Call Merchant,
Bribe Branch


You were on level 10 of the Dungeon.
You worshipped Gozag.
Gozag was noncommittal.
You were a hulking beast.
You visited 3 branches of the dungeon, and saw 13 of its levels.
You also visited: Sewer.

You collected 2253 gold pieces.
You spent 660 gold pieces at shops.
You paid 1541 gold pieces to Gozag.

Inventory:

Hand Weapons
 L - a +2 trident of draining (weapon)
Missiles
 y - 5 curare-tipped darts
 K - 5 boomerangs
 N - 34 poisoned darts (quivered)
Armour
 l - the +4 scale mail of the Cockroach (worn) {Will+ Int+4 Stlth+}
   (You found it on level 2 of the Dungeon)

   Int+4:     It affects your intelligence (+4).
   Will+:     It increases your willpower.
   Stlth+:    It makes you more stealthy.
 v - a +1 cloak (melded)
 E - a +0 pair of gloves (melded)
Magical Staves
 A - a staff of death
Jewellery
 a - a +6 ring of strength (right hand)
 i - a ring of protection from fire
 B - an amulet of the acrobat (around neck)
 C - a ring of poison resistance (left hand)
 Q - a ring of ice
 T - a ring of ice
Talismans
 c - a beast talisman (active)
 d - a flux talisman
 q - a maw talisman
 J - a serpent talisman
 R - a blade talisman
Wands
 p - a wand of iceblast (27)
 s - a wand of flame (38)
 D - a wand of mindburst (12)
 M - a wand of light (11)
 S - a wand of paralysis (4)
Scrolls
 e - 4 scrolls of teleportation
 f - 4 scrolls of summoning
 j - a scroll of fear {unknown}
 n - 2 scrolls of amnesia {unknown}
 o - a scroll of vulnerability {unknown}
 r - a scroll of enchant armour {unknown}
 t - a scroll of identify
 u - 2 scrolls of fog
 w - 2 scrolls of blinking
 z - 2 scrolls of silence
 F - 2 scrolls of brand weapon
 G - a scroll of enchant weapon
 O - a scroll of poison
 U - 2 scrolls of torment {unknown}
Potions
 b - a potion of lignification
 g - 2 potions of brilliance {unknown}
 h - a potion of heal wounds
 k - 5 potions of curing
 m - 4 potions of enlightenment {unknown}
 x - a potion of might {unknown}
 H - a potion of haste {unknown}
 I - a potion of magic {unknown}
 V - a potion of degeneration {unknown}
Miscellaneous
 P - a phantom mirror (inert)


   Skills:
 + Level 7.3 Fighting
 + Level 6.7 Short Blades
 + Level 6.7 Long Blades
 + Level 6.7 Axes
 + Level 6.7 Maces & Flails
 + Level 6.7 Polearms
 + Level 6.7 Staves
 + Level 6.7 Ranged Weapons
 + Level 6.7 Throwing
 + Level 6.7 Armour
 + Level 8.2 Dodging
 + Level 6.7 Stealth
 + Level 6.7 Shields
 + Level 9.5 Unarmed Combat
 + Level 6.7 Spellcasting
 + Level 5.6 Conjurations
 + Level 5.6 Hexes
 + Level 5.6 Summonings
 + Level 5.6 Necromancy
 + Level 5.6 Translocations
 + Level 5.6 Fire Magic
 + Level 5.6 Ice Magic
 + Level 5.6 Air Magic
 + Level 5.6 Earth Magic
 + Level 5.6 Alchemy
 + Level 7.4 Invocations
 + Level 6.7 Evocations
 + Level 9.1 Shapeshifting


You had 23 spell levels left.
You didn't know any spells.
Your spell library contained the following spells:

 Spells                   Type           Power      Damage    Failure   Level
 Summon Small Mammal      Summ           80%        N/A       3%          1
 Cigotuvi's Dreadful Rot  Necr/Alch/Air  40%        N/A       4%          2
 Call Canine Familiar     Summ           20%        N/A       10%         3
 Gell's Gravitas          Tloc           20%        N/A       10%         3
 Teleport Other           Tloc           20%        N/A       10%         3
 Ignite Poison            Fire/Alch      20%        N/A       32%         4
 Summon Blazeheart Golem  Fire/Summ      20%        N/A       32%         4
 Vhi's Electric Charge    Tloc/Air       40%        N/A       32%         4
 Arcjolt                  Conj/Air       10%        1d20      65%         5
 Freezing Cloud           Conj/Ice/Air   10%        6-21      65%         5
 Dispersal                Tloc           10%        N/A       99%         6
 Haunt                    Necr/Summ      10%        N/A       100%        7
 Infestation              Necr           10%        N/A       100%        8
 Maxwell's Capacitive Co  Air            10%        ∞         100%        8
 Animate Dead             Necr           Unusable   N/A       N/A         4

Dungeon Overview and Level Annotations

Branches:
Dungeon (11/15)            Temple (1/1) D:6            Lair (1/5) D:8
    Orc (0/2) D:10          Sewer (visited)

Altars:
Ashenzari
Cheibriados
Dithmenos
Elyvilon
Fedhas
Gozag
Hepliaklqana
Kikubaaqudgha
Makhleb
Nemelex Xobeh
Okawaru
Qazlal
Ru
Sif Muna
Trog
Uskayaw
Vehumet
Wu Jian
Xom
Yredelemnul
Zin
The Shining One

Shops:
D:8 *

Annotations:
D:11 Josephine


Innate Abilities, Weirdness & Mutations

You are a hulking beast.
Your limbs bulge with bestial killing power. (Slay +4)
You have very sharp teeth.
Your uncanny sense of smell can sniff out nearby items.
Your experience applies equally to all skills.


Message History

Unknown command.
You swap places.
The howler monkey hits you but does no damage.
Your queen bee stings the howler monkey.
Something hits you but does no damage. Something completely misses you.
A killer bee comes into view.
The howler monkey hoots and howls with incredible vigour!
The wraith hits your queen bee.
The wraith drains your queen bee's vigour!
Your queen bee seems to slow down.
You hear an angry buzzing noise. x13
You see here 7 gold pieces.
Okay, then.
Aiming: Bolt of Light
Press: ? - help, Shift-Dir - straight line The bolt of light misses the howler monkey.
The bolt of light hits the wraith!
The wraith is moderately damaged.
Your queen bee dies!
Your queen bee's corpse shimmers and vanishes!
Something hits you but does no damage. Something bites you but does no damage.
The howler monkey misses you.
As you read the scroll of teleportation, it crumbles to dust.
You feel strangely unstable. Something hits you.
* * * LOW HITPOINT WARNING * * *
Something bites you.
* * * LOW HITPOINT WARNING * * *
Something draws strength from your injuries!
The howler monkey hits you but does no damage.
The wraith hits you.
* * * LOW HITPOINT WARNING * * *
The wraith drains your vigour!
You feel as though you will be slow longer.
You closely miss the howler monkey.
The howler monkey is moderately wounded.
Something hits you!
* * * LOW HITPOINT WARNING * * *
Something bites you.
You die...
Your body crumbles into a pile of gold.

..............##.......###
.##...##.......##........
##...###.......#..........
#....##...............##..
##...>##.....####).......#
.#............#..........#
......#.#....##........#
......##.......W.#.(.###
###.......#...$hh#.(## ∆∆
# #.......#......y...# ∆∆
#####...............(.#∆∆∆
##.#..................#∆
...................#..#
..#......[.........#....
..###............##......
..#...##.........# #...##.
#................# ....


You could see a wraith, a howler monkey and a killer bee.

Vanquished Creatures
  A two-headed ogre (D:10)
  An elephant (D:8)
  3 centaur zombies (D:10)
  An unseen horror zombie (D:10)
  Jeremiah (D:7)
  A kobold demonologist (D:10)
  A komodo dragon (Lair:1)
  A troll (D:10)
  The ghost of globin the Chopper, an amateur DrBe of Trog (D:4)
  A queen bee (D:10)
  8 yaks
  A wyvern (D:9)
  A shadow (D:10)
  2 wraiths
  2 vampires
  2 steam dragons
  A water moccasin (D:5)
  4 orc warriors
  Pargi (Sewer)
  An ice beast (D:7)
  3 sky beasts
  4 black bears
  An ogre (D:7)
  2 centaurs
  3 phantoms
  4 kobold brigands
  A spectral wyvern (D:5)
  A brain worm (Sewer)
  Blork the orc (D:6)
  3 bullfrogs
  A gnoll sergeant (D:7)
  5 scorpions
  15 wights
  A killer bee (D:4)
  5 howler monkeys
  A wyvern simulacrum (D:5)
  2 jellies (D:4)
  2 gnoll boudas
  3 hounds
  Crazy Yiuf (D:3)
  A bullfrog skeleton (D:5)
  8 iguanas
  3 sleepcaps
  Ijyb (D:3)
  5 orc wizards
  A howler monkey zombie (D:10)
  20 gnolls
  10 adders
  A white imp (D:5)
  2 ufetubi (D:6)
  An adder skeleton (D:5)
  2 dart slugs
  3 ribbon worms
  27 orcs
  10 bats
  6 endoplasms
  7 giant cockroaches
  11 goblins
  7 hobgoblins
  2 jackals (D:2)
  18 kobolds
  3 quokkas
  9 ball pythons
  5 frilled lizards
  8 rats
265 creatures vanquished.

Notes
Turn   | Place    | Note
-------+----------+-------------------------------------------
     0 | D:1      | monsoonserge the Gnoll Shapeshifter began the quest for the
                  | Orb.
     0 | D:1      | Reached XP level 1. HP: 17/17 MP: 1/1
    75 | D:1      | Reached XP level 2. HP: 23/23 MP: 2/2
   511 | D:1      | Reached XP level 3. HP: 27/28 MP: 3/3
  1015 | D:2      | Found a faded altar of an unknown god.
  1079 | D:2      | Reached skill level 1 in Invocations
  1152 | D:2      | Identified the +4 scale mail of the Cockroach {Will+ Int+4
                  | Stlth+}
  1377 | D:2      | Reached skill level 1 in Short Blades
  1377 | D:2      | Reached skill level 1 in Long Blades
  1377 | D:2      | Reached skill level 1 in Axes
  1377 | D:2      | Reached skill level 1 in Maces & Flails
  1377 | D:2      | Reached skill level 1 in Polearms
  1377 | D:2      | Reached skill level 1 in Staves
  1377 | D:2      | Reached skill level 1 in Ranged Weapons
  1377 | D:2      | Reached skill level 1 in Throwing
  1377 | D:2      | Reached skill level 1 in Armour
  1377 | D:2      | Reached skill level 1 in Stealth
  1377 | D:2      | Reached skill level 1 in Shields
  1377 | D:2      | Reached skill level 1 in Spellcasting
  1377 | D:2      | Reached skill level 1 in Evocations
  2026 | D:3      | Found an opulent altar of Gozag.
  2041 | D:3      | Became a worshipper of Gozag Ym Sagoz the Greedy
  2076 | D:3      | Reached XP level 4. HP: 33/34 MP: 5/5
  2226 | D:3      | Noticed Ijyb
  2236 | D:3      | Killed Ijyb
  2237 | D:3      | Reached skill level 1 in Conjurations
  2237 | D:3      | Reached skill level 1 in Hexes
  2237 | D:3      | Reached skill level 1 in Summonings
  2237 | D:3      | Reached skill level 1 in Necromancy
  2237 | D:3      | Reached skill level 1 in Translocations
  2237 | D:3      | Reached skill level 1 in Fire Magic
  2237 | D:3      | Reached skill level 1 in Ice Magic
  2237 | D:3      | Reached skill level 1 in Air Magic
  2237 | D:3      | Reached skill level 1 in Earth Magic
  2237 | D:3      | Reached skill level 1 in Alchemy
  2325 | D:3      | Noticed a bullfrog
  2331 | D:3      | Killed a bullfrog
  2332 | D:3      | Reached XP level 5. HP: 41/41 MP: 5/7
  2757 | D:3      | Found a runed translucent door.
  2758 | D:3      | Noticed Crazy Yiuf
  2767 | D:3      | Killed Crazy Yiuf
  2854 | D:4      | Noticed globin's ghost (amateur DrBe)
  2854 | D:4      | Found a transporter.
  2869 | D:4      | Reached XP level 6. HP: 47/47 MP: 8/8
  2897 | D:4      | Found a transporter.
  2976 | D:4      | Found a bloodstained altar of Trog.
  2985 | D:4      | Reached skill level 5 in Dodging
  3221 | D:4      | Found an iron altar of Okawaru.
  3461 | D:5      | Entered Level 5 of the Dungeon
  3473 | D:5      | Reached XP level 7. HP: 52/52 MP: 10/10
  4008 | D:6      | Reached XP level 8. HP: 58/60 MP: 12/12
  4009 | D:6      | Found a hazy altar of Hepliaklqana.
  4030 | D:6      | Found a glowing drain.
  4078 | Sewer    | Entered a sewer
  4128 | Sewer    | Noticed Pargi
  4142 | Sewer    | Killed Pargi
  4685 | D:5      | Identified the +3 dagger "Qopsurewk" {pain, Dex+5}
  4742 | D:5      | Found a stormy altar of Qazlal.
  4851 | D:5      | Reached XP level 9. HP: 66/66 MP: 14/14
  5502 | D:6      | Reached skill level 5 in Fighting
  5600 | D:6      | Found a staircase to the Ecumenical Temple.
  5609 | Temple   | Entered the Ecumenical Temple
  5703 | D:6      | Noticed Blork the orc
  5709 | D:6      | Killed Blork the orc
  6104 | D:8      | Reached skill level 5 in Invocations
  6194 | D:7      | Found a shimmering altar of Xom.
  6203 | D:7      | Noticed Jeremiah
  6981 | D:7      | Killed Jeremiah
  6982 | D:7      | Reached skill level 5 in Short Blades
  6982 | D:7      | Reached skill level 5 in Long Blades
  6982 | D:7      | Reached skill level 5 in Axes
  6982 | D:7      | Reached skill level 5 in Maces & Flails
  6982 | D:7      | Reached skill level 5 in Polearms
  6982 | D:7      | Reached skill level 5 in Staves
  6982 | D:7      | Reached skill level 5 in Ranged Weapons
  6982 | D:7      | Reached skill level 5 in Throwing
  6982 | D:7      | Reached skill level 5 in Armour
  6982 | D:7      | Reached skill level 5 in Stealth
  6982 | D:7      | Reached skill level 5 in Shields
  6982 | D:7      | Reached skill level 5 in Spellcasting
  6982 | D:7      | Reached skill level 5 in Evocations
  6982 | D:7      | Reached XP level 10. HP: 47/76 MP: 17/17
  7477 | D:8      | Found a staircase to the Lair.
  7528 | D:8      | Noticed an elephant
  7715 | D:8      | Bought a scroll of poison for 60 gold pieces
  7715 | D:8      | Bought a phantom mirror for 600 gold pieces
  7747 | D:8      | Killed an elephant
  7959 | D:8      | Found an ornate altar of the Wu Jian Council.
  8214 | D:8      | Found a sparkling altar of Nemelex Xobeh.
  8424 | D:9      | Found a white marble altar of Elyvilon.
  8687 | D:9      | Reached skill level 5 in Conjurations
  8687 | D:9      | Reached skill level 5 in Hexes
  8687 | D:9      | Reached skill level 5 in Summonings
  8687 | D:9      | Reached skill level 5 in Necromancy
  8687 | D:9      | Reached skill level 5 in Translocations
  8687 | D:9      | Reached skill level 5 in Fire Magic
  8687 | D:9      | Reached skill level 5 in Ice Magic
  8687 | D:9      | Reached skill level 5 in Air Magic
  8687 | D:9      | Reached skill level 5 in Earth Magic
  8687 | D:9      | Reached skill level 5 in Alchemy
  8782 | D:9      | Reached XP level 11. HP: 71/83 MP: 20/20
  9356 | D:10     | Entered Level 10 of the Dungeon
  9758 | D:10     | Found a staircase to the Orcish Mines.
 10506 | D:10     | Noticed a two-headed ogre
 10517 | D:10     | Killed a two-headed ogre
 10544 | D:11     | Noticed Josephine
 10545 | D:11     | Noticed a two-headed ogre
 10722 | D:4      | Killed globin's ghost
 10989 | Lair:1   | Entered Level 1 of the Lair of Beasts
 11046 | Lair:1   | Noticed a death yak
 11048 | Lair:1   | Noticed a death yak
 11048 | Lair:1   | Noticed a death yak
 11528 | D:10     | HP: 3/84 [something (8)]
 11528 | D:10     | Slain by a vampire

Illustrated notes

Levels and vault maps discovered:
D:1:      elethiomel_arrival_maze, layout_basic
D:2:      minmay_wonky_spiral, layout_loops_corners,
          ebering_ecumenical_altar_box, serial_co_window_serial,
          co_window_paths_a, co_window_paths_a, co_window_paths_a,
          co_window_of_opportunity_a, co_window_paths_b, co_window_paths_b,
          co_window_paths_a, co_window_of_opportunity_c, co_window_corner_b,
          co_window_of_opportunity_b, co_window_broadway_a, co_window_corner_b,
          co_window_broadway_c, co_window_2corner, glass_columns_b,
          glass_columns_a, glass_columns_b
D:3:      layout_loops_cross, nicolae_gozag_cash_rules_everything_around_me,
          uniq_ijyb, uniq_crazy_yiuf_cottage
D:4:      layout_loops_ring, kennysheep_little_box, okawaru_metal_pillars_1_2,
          gammafunk_ghost_arena, minmay_fractal_squares_gapless_5
D:5:      minmay_inner_zag, layout_basic, lemuel_coloured_pillars_altar,
          dilly_guarded_unrand_morg
D:6:      wander_river, layout_rooms, overflow_temple_1_default, temple_hall,
          gup_sewer_entry_glass, uniq_blork_the_orc
D:7:      minmay_recursive_quarters, layout_cave_pools,
          mainiacjoe_overflow_cross_hatched, nicolae_wand_duel, uniq_jeremiah
D:8:      layout_gridville, nicolae_wu_jian_wuxing_cycle,
          nemelex_diamond_rough_becter, grunt_lair_entry_orc_guard_hut
D:9:      layout_gridville, nicolae_elyvilon_peaceful_grove,
          chequers_serial_rivers_micro_b
D:10:     layout_cave_pools, david_orc_2, special_room [special_room_bee],
          serial_undead, serial_undead_c, serial_undead_c, serial_undead_e,
          serial_undead_a
D:11:     layout_loops_ring, uniq_josephine
Temple:   nicolae_temple_ecumenical_triangle
Lair:1:   layout_cave_pods, lemuel_fruit_tree, grunt_megastairs_3,
          serial_bayou_shore_b, uniq_gastronok

Skill      XL: |  1  2  3  4  5  6  7  8  9 10 11 |
---------------+----------------------------------+-----
Invocations    | 1 2 3 4 5 6 7 |  7.4
Short Blades   | 1 2 3 5 6 |  6.7
Long Blades    | 1 2 3 5 6 |  6.7
Axes           | 1 2 3 5 6 |  6.7
Maces & Flails | 1 2 3 5 6 |  6.7
Polearms       | 1 2 3 5 6 |  6.7
Staves         | 1 2 3 5 6 |  6.7
Ranged Weapons | 1 2 3 5 6 |  6.7
Throwing       | 1 2 3 5 6 |  6.7
Armour         | 1 2 3 5 6 |  6.7
Stealth        | 1 2 3 5 6 |  6.7
Shields        | 1 2 3 5 6 |  6.7
Spellcasting   | 1 2 3 5 6 |  6.7
Evocations     | 1 2 3 5 6 |  6.7
Conjurations   | 1 2 3 4 5 |  5.6
Hexes          | 1 2 3 4 5 |  5.6
Summonings     | 1 2 3 4 5 |  5.6
Necromancy     | 1 2 3 4 5 |  5.6
Translocations | 1 2 3 4 5 |  5.6
Fire Magic     | 1 2 3 4 5 |  5.6
Ice Magic      | 1 2 3 4 5 |  5.6
Air Magic      | 1 2 3 4 5 |  5.6
Earth Magic    | 1 2 3 4 5 |  5.6
Alchemy        | 1 2 3 4 5 |  5.6
Fighting       | 3 4 5 6 7 |  7.3
Dodging        | 5 6 7 8 |  8.2
Unarmed Combat | 7 8 9 |  9.5
Shapeshifting  | 7 8 9 |  9.1

Action                     |  1- 3 |  4- 6 |  7- 9 | 10-12 || total
---------------------------+-------+-------+-------+-------++-------
  Melee: Unarmed           |    79 |    86 |   305 |    12 ||   482
         Bite              |     7 |     8 |    37 |    53 ||   105
         Punch             |     1 |     5 |    16 |    19 ||    41
         Trident           |       |       |       |   361 ||   361
  Throw: Dart              |       |       |       |     8 ||     8
 Invoke: Call Merchant     |       |       |       |     1 ||     1
         Potion Petition   |       |       |       |     1 ||     1
  Evoke: Wand              |       |     2 |     4 |     2 ||     8
         Phantom mirror    |       |       |       |     1 ||     1
    Use: Scroll            |       |       |     9 |     2 ||    11
         Potion            |       |       |     2 |     1 ||     3
   Stab: Sleeping          |     1 |     2 |     1 |     3 ||     7
         Distracted        |       |       |       |     1 ||     1
 Armour: Animal skin       |    21 |       |       |       ||    21
         Scale mail        |    16 |    35 |   173 |   365 ||   589
  Dodge: Dodged            |    37 |    40 |   162 |   298 ||   537
   Form: Beast             |       |       |       |     2 ||     2
         Flux              |       |       |       |     2 ||     2
